 Dungeon Crawl Stone Soup version 0.28-a0-622-gbaef9634d7 (webtiles) character file.

Game seed: 13911375725475597286

5786 Johnny the Frost Mage (level 10, -10/90 HPs)
             Began as a White Draconian Ice Elementalist on Oct 7, 2021.
             Was a Priest of Sif Muna.
             Mangled by a centaur (17 damage)
             ... on level 9 of the Dungeon.
             The game lasted 00:10:11 (11784 turns).

Johnny the Frost Mage (DrIE)                       Turns: 11784, Time: 00:10:11

Health: -10/90     AC:  8    Str:  8 (10) XL:     10   Next: 50%
Magic:  30/30      EV: 12    Int: 16 (18) God:    Sif Muna [***...]
Gold:   608        SH:  5    Dex: 12 (13) Spells: 13/24 levels left

rFire   . . .      SeeInvis +   y - +6 flail (holy)
rCold   + . .      Faith    .   k - +0 buckler
rNeg    . . .      Spirit   .   (armour unavailable)
rPois   .          Reflect  .   (helmet restricted)
rElec   .          Harm     .   s - +0 cloak
rCorr   .          Rampage  .   (no gloves)
Will    .....                   (no boots)
Stlth   ++........              f - amulet of magic regeneration
HPRegen 0.25/turn               v - ring of magical power
MPRegen 0.47/turn               n - ring of see invisible

@: no status effects
A: breathe frost, AC +7, unfitting armour, cold resistance 1, cold-blooded
a: Breathe Frost, Renounce Religion, Channel Magic, Forget Spell


You were on level 9 of the Dungeon.
You worshipped Sif Muna.
Sif Muna was most pleased with you.
You visited 2 branches of the dungeon, and saw 11 of its levels.
You also visited: Sewer.

You collected 608 gold pieces.

Inventory:

Hand Weapons
 y - a +6 flail of holy wrath (weapon)
Armour
 k - a +0 buckler (worn)
 s - a +0 cloak (worn)
 M - a scarf of harm
Jewellery
 f - an amulet of magic regeneration (around neck)
 n - a ring of see invisible (right hand)
 v - a ring of magical power (left hand)
 I - a ring of fire
 N - a ring of wizardry
Wands
 C - a wand of acid (15)
 D - a wand of paralysis (6)
 F - a wand of flame (14)
 K - a wand of charming (11)
 O - a wand of mindburst (16)
Scrolls
 a - a scroll of enchant armour {unknown}
 c - 4 scrolls of identify {unknown}
 g - a scroll of holy word {unknown}
 h - 3 scrolls of magic mapping {unknown}
 l - 2 scrolls of fear {unknown}
 r - a scroll of teleportation {unknown}
 w - a scroll of vulnerability {unknown}
 x - a scroll of blinking {unknown}
 z - a scroll of amnesia {unknown}
 B - 2 scrolls of summoning {unknown}
 E - a scroll of brand weapon {unknown}
 H - a scroll of acquirement {unknown}
 J - a scroll of fog {unknown}
Potions
 b - 2 potions of degeneration
 d - a potion of invisibility {unknown}
 e - a potion of magic {unknown}
 j - a potion of mutation {unknown}
 m - a potion of flight
 q - a potion of haste
 u - a potion of ambrosia {unknown}
 A - a potion of attraction
 G - a potion of might


   Skills:
 * Level 8.9 Fighting
 - Level 1.7 Dodging
 - Level 1.7 Stealth
 + Level 7.4 Shields
 + Level 7.6 Spellcasting
 + Level 10.7 Ice Magic


You had 13 spell levels left.
You knew the following spells:

 Your Spells              Type           Power      Damage    Failure   Level
a - Freeze                Ice            100%       1d11      1%          1
b - Frozen Ramparts       Ice            80%        1d10      1%          3
c - Ozocubu's Armour      Ice            40%        N/A       1%          3
f - Hailstorm             Conj/Ice       23%        3d7       13%         4

Your spell library contained the following spells:

 Spells                   Type           Power      Damage    Failure   Level
 Shock                    Conj/Air       24%        1d4       12%         1
 Slow                     Hex            6%         N/A       19%         2
 Confusing Touch          Hex            6%         N/A       34%         3
 Swiftness                Air            6%         N/A       34%         3
 Vampiric Draining        Necr           3%         2d6       34%         3
 Airstrike                Air            3%         N/A       75%         4


Dungeon Overview and Level Annotations

Branches:
Dungeon (10/15)            Temple (1/1) D:4           Sewer (visited)
   Lair: D:8-11         Orc: D:9-12

Altars:
Qazlal
Sif Muna
Yredelemnul

Annotations:
D:9 2 transporters, Gargoyl's ghost, journeyman GnAK


Innate Abilities, Weirdness & Mutations

You can breathe waves of freezing cold which knock back foes.
Your icy white scales are hard. (AC +7)
You cannot fit into any form of body armour.
Your flesh is cold resistant. (rC+)
You are cold-blooded and may be slowed by cold attacks.


Message History

The centaur hits you with a +2 dagger of electrocution.
The centaur misses you.
You thump the centaur!
The centaur is severely wounded.
The centaur closely misses you. You block the centaur's attack. x2
The centaur barely misses you.
You hit the centaur but do no damage.
The centaur is severely wounded.
The centaur misses you. You block the centaur's attack.
The centaur hits you with a +2 dagger of electrocution.
The centaur kicks you but does no damage.
You barely miss the centaur.
The centaur is severely wounded.
The centaur closely misses you.
The centaur kicks you but does no damage.
You block the centaur's attack. The centaur barely misses you.
You barely miss the centaur. You tail-slap the centaur.
The centaur is almost dead.
The centaur hits you but does no damage.
You are electrocuted!
The centaur barely misses you.
The centaur hits you with a +2 dagger of electrocution.
You block the centaur's attack.
You are too injured to fight recklessly!
You are too injured to fight recklessly!
You are too injured to fight recklessly!
You are too injured to fight recklessly!
You are too injured to fight recklessly!
You are too injured to fight recklessly!
You are too injured to fight recklessly!
You are too injured to fight recklessly!
You barely miss the centaur. You tail-slap the centaur.
The centaur is almost dead.
The centaur hits you with a +2 dagger of electrocution.
You are electrocuted!!
* * * LOW HITPOINT WARNING * * *
The centaur kicks you but does no damage.
The centaur hits you with a +2 dagger of electrocution.
* * * LOW HITPOINT WARNING * * *
You are electrocuted!
You die...

.).## ##..# ..#
###'## ..## .....#
..# .....#
#####'####### .....#
#...........#
.....####...........#
.....#..'>.......c..#
.....#.##.......@...#
.....#.##...........#
.....#.##...........#
.....'.##...........#
.(...####...........#
.....# #...........#
###### ##'##########
##### #.########
....# #........#


You could see a centaur.

Vanquished Creatures
  2 trolls
  A wyvern (D:7)
  5 yaks (D:8)
  Edmund (D:4)
  6 orc warriors
  Purgy (Sewer)
  2 ice beasts (D:8)
  2 sky beasts
  4 ogres
  3 black bears
  4 centaurs
  A kobold brigand (D:8)
  5 bullfrogs
  A gnoll sergeant (D:5)
  2 wyvern zombies
  A water moccasin skeleton (D:6)
  4 killer bees (D:7)
  4 wights (D:9)
  2 centaur zombies
  2 bullfrog zombies
  2 jellies
  4 hounds
  5 orc priests
  3 iguanas
  3 centaur skeletons
  Ijyb (D:5)
  12 orc wizards
  Natasha (thrice) (D:4)
  The ghost of yegreS the Skirmisher, a weakling MiFi (D:4)
  3 hound skeletons
  3 howler monkey zombies
  8 gnolls
  15 adders
  A shadow imp (D:6)
  3 white imps
  2 adder skeletons (D:4)
  3 worms
  2 dart slugs
  30 orcs
  8 endoplasms
  3 giant cockroaches
  8 goblins
  8 hobgoblins
  16 kobolds
  3 quokkas
  5 ball pythons
  4 bats
  6 frilled lizards
  8 rats
226 creatures vanquished.

Notes
Turn   | Place    | Note
-------+----------+-------------------------------------------
     0 | D:1      | Johnny the Draconian Ice Elementalist began the quest for
                  | the Orb.
     0 | D:1      | Reached XP level 1. HP: 14/14 MP: 3/3
   401 | D:1      | Found a faded altar of an unknown god.
   402 | D:1      | Noticed a shining eye
   409 | D:1      | Reached XP level 2. HP: 19/22 MP: 1/5
   410 | D:1      | Reached skill level 1 in Fighting
   413 | D:1      | Noticed an eye of devastation
   414 | D:1      | Noticed an eye of devastation
   414 | D:1      | Noticed a shining eye
   870 | D:1      | Reached XP level 3. HP: 21/28 MP: 3/6
  1461 | D:3      | Reached XP level 4. HP: 35/36 MP: 8/8
  1465 | D:3      | Learned a level 3 spell: Frozen Ramparts
  1469 | D:3      | Learned a level 3 spell: Ozocubu's Armour
  2033 | D:3      | Reached XP level 5. HP: 42/42 MP: 9/9
  2248 | D:2      | Reached skill level 5 in Ice Magic
  3134 | D:2      | Reached skill level 1 in Shields
  3149 | D:2      | Noticed an ogre
  3166 | D:2      | HP: 1/45 [ogre (22)]
  3505 | D:2      | Killed an ogre
  3506 | D:2      | Reached XP level 6. HP: 42/51 MP: 4/11
  3656 | D:4      | Found a staircase to the Ecumenical Temple.
  3673 | Temple   | Entered the Ecumenical Temple
  3883 | Temple   | Became a worshipper of Sif Muna the Loreminder
  4068 | D:4      | Found a glowing drain.
  4078 | Sewer    | Entered a sewer
  4197 | Sewer    | Noticed Purgy
  4207 | Sewer    | Killed Purgy
  4208 | Sewer    | Your scales start taking on an icy white colour.
  4208 | Sewer    | Reached skill level 6 in Ice Magic
  4208 | Sewer    | Reached XP level 7. HP: 58/59 MP: 13/13
  4208 | Sewer    | Gained mutation: Your flesh is cold resistant. (rC+) [White
                  | Draconian growth]
  4326 | D:4      | Found a runed translucent gate.
  4326 | D:4      | Found a runed translucent gate.
  4326 | D:4      | Found a runed translucent gate.
  4332 | D:4      | Noticed yegreS's ghost (weakling MiFi)
  4378 | D:4      | Noticed Edmund
  4388 | D:4      | Killed Edmund
  4389 | D:4      | Reached skill level 7 in Ice Magic
  4623 | D:4      | Noticed Natasha
  4629 | D:4      | Killed Natasha
  4682 | D:4      | Noticed Natasha
  4691 | D:4      | Killed Natasha
  4698 | D:4      | Noticed Natasha
  4704 | D:4      | Killed Natasha
  5267 | D:4      | Killed yegreS's ghost
  5267 | D:4      | Reached * piety under Sif Muna
  5349 | D:5      | Entered Level 5 of the Dungeon
  5397 | D:5      | Reached skill level 5 in Fighting
  5531 | D:5      | Noticed Ijyb
  5547 | D:5      | Reached XP level 8. HP: 52/68 MP: 15/15
  5547 | D:5      | Killed Ijyb
  5878 | D:5      | Reached skill level 5 in Spellcasting
  6512 | D:5      | Reached skill level 8 in Ice Magic
  6837 | D:6      | Learned a level 4 spell: Hailstorm
  6946 | D:6      | Reached ** piety under Sif Muna
  6950 | D:6      | Reached skill level 5 in Shields
  7297 | D:6      | Reached XP level 9. HP: 78/78 MP: 17/17
  7521 | D:7      | Reached skill level 9 in Ice Magic
  8090 | D:7      | Identified the +4 short sword "Qetyocsu" {flame, Str+4}
  9040 | D:8      | Reached skill level 10 in Ice Magic
  9043 | D:8      | Reached XP level 10. HP: 61/88 MP: 8/20
  9439 | D:8      | Reached *** piety under Sif Muna
  9607 | D:8      | Found a stormy altar of Qazlal.
 10367 | D:10     | Entered Level 10 of the Dungeon
 11285 | D:9      | Found a transporter.
 11288 | D:9      | Noticed Gargoyl's ghost (journeyman GnAK)
 11320 | D:9      | Found a transporter.
 11372 | D:9      | HP: 4/90 [troll (7)]
 11784 | D:9      | Mangled by a centaur

Illustrated notes

Levels and vault maps discovered:
D:1:      lightli_arrival_statue_moat, layout_basic,
          hellmonk_ecumenical_altar_watching_god, roderic_roman_lattice
D:2:      cheibrodos_pilgrimage, layout_rooms
D:3:      layout_loops_ring
D:4:      layout_loops_corners, minmay_temple_entry_trees,
          gammafunk_ghost_split, portal_sewer_entry_d, uniq_natasha, uniq_edmund
D:5:      layout_loops_ring, uniq_ijyb
D:6:      layout_gridville
D:7:      layout_rooms
D:8:      layout_basic, mainiacjoe_overflow_small_starburst,
          minmay_misc_feat_iff, grunt_decor_arrowhead, grunt_ministairs_7,
          kennysheep_generic_room_3
D:9:      layout_roguey, gammafunk_ghost_stat_death
D:10:     layout_small_grid
Temple:   roderic_octagonal_lattice_temple

Skill      XL: |  1  2  3  4  5  6  7  8  9 10 |
---------------+-------------------------------+-----
Fighting       | 1 2 3 4 5 6 8 |  8.9
Spellcasting   | 3 4 5 7 |  7.6
Ice Magic      | 5 6 7 8 10 | 10.7
Shields        | 1 2 3 5 6 7 |  7.4
Dodging        | |  1.7
Stealth        | |  1.7

Action                   |  1- 3 |  4- 6 |  7- 9 | 10-12 || total
-------------------------+-------+-------+-------+-------++-------
Melee: Unarmed           |    53 |       |       |       ||    53
       Tailslap          |    10 |    12 |    23 |    16 ||    61
       Spear             |    38 |    71 |       |       ||   109
       Whip              |       |    49 |       |       ||    49
       Dagger            |       |    22 |   101 |       ||   123
       Flail             |       |       |   125 |   104 ||   229
 Cast: Freeze            |    19 |    21 |    27 |     3 ||    70
       Ozocubu's Armour  |       |     4 |    13 |     7 ||    24
       Frozen Ramparts   |       |     8 |    26 |     7 ||    41
       Hailstorm         |       |       |     4 |     1 ||     5
 Abil: Breathe Frost     |       |       |     3 |       ||     3
Evoke: Wand              |       |       |     5 |     4 ||     9
  Use: Potion            |       |       |       |     5 ||     5
       Scroll            |       |       |       |     4 ||     4
 Stab: Sleeping          |     2 |     5 |     5 |     2 ||    14
       Paralysed         |       |       |       |     3 ||     3
Armor: Skin              |    34 |    81 |   147 |    80 ||   342
Dodge: Dodged            |    73 |   127 |   200 |   123 ||   523
Block: Buckler           |       |    13 |    91 |    53 ||   157

Table legend: (Time is in decaauts)
 A = Elapsed time spent in this place.
 B = Non-inter-level travel time spent in this place.
 C = Inter-level travel time spent in this place.
 D = Time resting spent in this place.
 E = Time spent auto-exploring this place.
 F = Levels seen in this place.
 G = Mean time per level.
                   A        B        C        D        E       F      G
               +--------+--------+--------+--------+--------+-----+--------+
         Total |  11904 |  11605 |    299 |   2184 |   7560 |  12 |  992.0 |
       Dungeon |  11457 |  11171 |    286 |   2184 |   7182 |  10 | 1145.7 |
        Temple |    224 |    211 |     13 |      0 |    204 |   1 |  224.0 |
         Sewer |    222 |    222 |      0 |      0 |    174 |   1 |  222.0 |
               +--------+--------+--------+--------+--------+-----+--------+

Top non-repeatable levels by time:
     D:8: 1635 daAuts
     D:3: 1388 daAuts
     D:4: 1353 daAuts
     D:5: 1276 daAuts
     D:7: 1256 daAuts
     D:9: 1150 daAuts
     D:2: 1148 daAuts
     D:1: 1066 daAuts
     D:6: 886 daAuts
    D:10: 295 daAuts
  Temple: 224 daAuts
   Sewer: 222 daAuts
